 Dungeon Crawl Stone Soup version 0.19.0-9-gfd783f2 (webtiles) character file.

187 Gingerlord the Ruffian (level 5, -1/46 HPs)
             Began as a Ghoul Monk on Nov 7, 2016.
             Was a Believer of Makhleb.
             Killed from afar by an orc wizard (5 damage)
             ... with a magic dart
             ... on level 2 of the Dungeon.
             The game lasted 00:06:17 (3030 turns).

Gingerlord the Ruffian (Ghoul Monk)                 Turns: 3030, Time: 00:06:18

Health: -1/46      AC:  5    Str: 15    XL:     5   Next: 66%
Magic:  13/13      EV: 10    Int:  5    God:    Makhleb [**....]
Gold:   128        SH:  3    Dex: 12    Spells: 0 memorised, 4 levels left

rFire  x . .     SeeInvis .       - Unarmed
rCold  + + .     Gourm    .     o - +0 ring mail
rNeg   + + +     Faith    +     g - +0 buckler
rPois  ∞         Spirit   .     (no helmet)
rElec  .         Reflect  .     (no cloak)
rCorr  .         Harm     .     (no gloves)
MR     .....                    (no boots)
Stlth  +.........               q - amulet of faith
                                n - ring of ice
                                m - ring of magical power

@: very slightly contaminated, rotting, heavily drained
A: rotting body, claws 1, carnivore 3, cold resistance 1, negative energy
resistance 3, slow regeneration 1, torment resistance, unbreathing
a: Minor Destruction, Renounce Religion


You were on level 2 of the Dungeon.
You worshipped Makhleb.
Makhleb was pleased with you.
You were not hungry.

You visited 1 branch of the dungeon, and saw 4 of its levels.

You collected 128 gold pieces.

Inventory:

Armour
 g - a +0 buckler (worn)
 o - a +0 ring mail (worn)
 p - a +0 chain mail
Jewellery
 m - a ring of magical power (left claw)
 n - a ring of ice (right claw)
 q - an amulet of faith (around neck)
Scrolls
 e - 3 scrolls of identify
 h - a scroll of magic mapping
 j - a scroll of recharging
Comestibles
 b - 3 meat rations
 f - a slice of pizza
 k - a beef jerky


   Skills:
 + Level 4.2(2.5) Fighting
 + Level 2.0(0.4) Armour
 + Level 3.7(2.0) Dodging
 - Level 2.1(0.6) Stealth
 + Level 4.3(2.6) Unarmed Combat
 + Level 0.7(0.0) Invocations


You had 4 spell levels left.
You didn't know any spells.

Dungeon Overview and Level Annotations

Branches:
Dungeon (4/15)
 Temple: D:4-7

Altars:
Ashenzari
Gozag
Makhleb

Annotations:
D:3 Grinder


Innate Abilities, Weirdness & Mutations

Your body is rotting away.
You thrive on raw meat.
You are immune to poison.
You have sharp fingernails.
You are carnivorous and can eat meat at any time.
Your flesh is cold resistant. (rC+)
You are immune to negative energy. (rN+++)
You regenerate slowly when monsters are visible.
You are immune to unholy pain and torment.
You can survive without breathing.


Message History

You aren't carrying any rechargeable items.
The orc closely misses you.
The orc wizard hits you but does no damage.
As you read the scroll labeled HIMILIX JAGETU, it crumbles to dust.
You hear a loud clanging noise!
It was a scroll of noise.
The orc wizard closely misses you. The orc hits you but does no damage.
The orc wizard hits you but does no damage.
Unknown command.
As you read the scroll labeled ROKLUR VEIK, it crumbles to dust.
The scroll dissolves into smoke.
It was a scroll of fog.
The orc hits you.
* * * LOW HITPOINT WARNING * * *
The orc wizard hits you but does no damage.
The orc wizard completely misses you.
You aren't carrying any potions.
You start eating one of the 3 meat rations.
The orc wizard gestures at you while chanting.
Keep eating?
You stop eating.
The magic dart hits you!
You die...

.### ##......).........#.#.
.'.##########..#.#############.#.
.#...........................#...
##.###########.#.###########.####
#..###########...### #.#
................§§.# #.#
...............§§§§# #.#
##.............#oo.# #.#
###############@### #.# #.# #.#
#.# #.#### #.# #..... #.# ######
#.# #.# #.# #.###


You could see an orc wizard and an orc.

Vanquished Creatures
  A crimson imp (D:2)
  An orc priest (D:3)
  3 gnolls (D:2)
  3 adders
  2 dart slugs (D:2)
  2 leopard geckos (D:1)
  6 orcs (D:3)
  6 bats
  3 giant cockroaches
  4 goblins
  7 hobgoblins
  4 jackals (D:1)
  A quokka (D:3)
  A ball python (D:2)
  2 frilled lizards
  9 kobolds
  4 rats (D:1)
59 creatures vanquished.

Notes
Turn   | Place    | Note
-------+----------+-------------------------------------------
     0 | D:1      | Gingerlord the Ghoul Monk began the quest for the Orb.
     0 | D:1      | Reached XP level 1. HP: 19/19 MP: 0/0
   330 | D:1      | Reached XP level 2. HP: 25/25 MP: 1/1
   794 | D:1      | Reached XP level 3. HP: 24/30 MP: 2/2
  1017 | D:1      | Reached skill level 1 in Armour
  1216 | D:2      | Found an opulent altar of Gozag.
  1870 | D:2      | Found a burning altar of Makhleb.
  1883 | D:2      | Reached XP level 4. HP: 39/40 MP: 3/3
  1887 | D:2      | Became a worshipper of Makhleb the Destroyer
  1887 | D:2      | Reached * piety under Makhleb
  1887 | D:2      | Reached ** piety under Makhleb
  2002 | D:2      | Reached XP level 5. HP: 23/46 MP: 4/4
  2322 | D:3      | Found a shattered altar of Ashenzari.
  2351 | D:3      | Noticed Grinder
  2359 | D:3      | Paralysed by Grinder for 5 turns
  2392 | D:3      | Paralysed by Grinder for 4 turns
  2978 | D:3      | Paralysed by Grinder for 3 turns
  2993 | D:3      | Paralysed by Grinder for 6 turns
  3030 | D:2      | Killed from afar by an orc wizard

Skill      XL: |  1  2  3  4  5 |
---------------+----------------+-----
Dodging        | 3 |  3.7
Armour         | 1 2 |  2.0
Fighting       | 4 |  4.2
Unarmed Combat | 4 |  4.3
Stealth        | |  2.1
Invocations    | |  0.7

Action                   |  1- 3 |  4- 6 || total
-------------------------+-------+-------++-------
Melee: Unarmed           |   132 |    91 ||   223
  Use: Scroll            |       |     5 ||     5
       Potion            |       |     2 ||     2
 Stab: Sleeping          |     3 |     1 ||     4
  Eat: Chunk             |     5 |     8 ||    13
Armor: Robe              |    15 |       ||    15
       Ring mail         |     2 |    36 ||    38
Dodge: Dodged            |    74 |    44 ||   118
Block: Buckler           |    17 |     7 ||    24
